 Dungeon Crawl Stone Soup version 0.24-a0-235-g3f03afc (webtiles) character file.

Game seed: 17410406158438868423

481 stupendous the Shield-Bearer (level 7, -2/54 HPs)
             Began as a Formicid Fighter on Apr 8, 2019.
             Slain by a worker ant (4 damage)
             ... on level 4 of the Dungeon.
             The game lasted 00:09:16 (5113 turns).

stupendous the Shield-Bearer (Formicid Fighter)     Turns: 5113, Time: 00:09:17

Health: -2/54      AC:  8    Str: 20    XL:     7   Next: 34%
Magic:  7/7        EV:  8    Int:  8    God:
Gold:   141        SH: 10    Dex: 12    Spells: 6/6 levels left

rFire    . . .     SeeInvis +   a - +0 long sword
rCold    + . .     Gourm    .   c - +0 shield
rNeg     . . .     Faith    +   b - +0 scale mail
rPois    .         Spirit   .   (helmet unavailable)
rElec    .         Reflect  .   (no cloak)
rCorr    .         Harm     .   (no gloves)
MR       .....                  j - +0 pair of boots
Stlth    ..........             m - amulet of faith
HPRegen  0.18/turn              q - ring of protection from cold
MPRegen  0.10/turn              (no ring)

@: lethally poisoned (-2 -> -13)
A: permanent stasis, dig shafts and tunnels, four strong arms, antennae 3
a: Dig, Shaft Self


You were on level 4 of the Dungeon.
You were very hungry.

You visited 1 branch of the dungeon, and saw 4 of its levels.

You collected 141 gold pieces.

Inventory:

Hand Weapons
 a - a +0 long sword (weapon)
Armour
 b - a +0 scale mail (worn)
 c - a +0 shield (worn)
 j - a +0 pair of boots (worn)
Jewellery
 h - an uncursed ring of wizardry {unknown}
 m - an amulet of faith (around neck)
 q - a ring of protection from cold (left hand)
 t - an uncursed ring of protection from cold
Wands
 p - a wand of polymorph (8)
Scrolls
 n - 3 scrolls of remove curse
 r - 3 scrolls of amnesia {unknown}
 u - 4 scrolls of identify {unknown}
 v - a scroll of fog {unknown}
Potions
 d - 3 potions of might
 e - 2 potions of curing {unknown}
 g - a potion of haste {unknown}
 i - a potion of flight {unknown}
 k - a potion of mutation {unknown}
 l - 2 potions of ambrosia {unknown}
 o - a potion of degeneration {unknown}
 s - a potion of agility {unknown}
Comestibles
 f - 9 rations


   Skills:
 - Level 4.0 Fighting
 * Level 5.4 Long Blades
 - Level 4.0 Armour
 + Level 6.1 Shields


You had 6 spell levels left.
You didn't know any spells.
Your spell library was empty.

Dungeon Overview and Level Annotations

Branches:
Dungeon (4/15)
 Temple: D:4-7

Altars:
Cheibriados
Qazlal
Vehumet


Innate Abilities, Weirdness & Mutations

You cannot be hasted, slowed, berserked, paralysed or teleported.
You can dig through walls and to a lower floor.
Your four strong arms can wield two-handed weapons with a shield.
You have a pair of large antennae on your head. (SInv)


Message History

The worker ant is severely wounded.
* * * LOW HITPOINT WARNING * * *
You feel sick. The worker ant bites you.
* * * LOW HITPOINT WARNING * * *
You closely miss the worker ant.
The worker ant is severely wounded.
* * * LOW HITPOINT WARNING * * *
You feel sick.
The worker ant waves its antennae.
You block the worker ant's attack.
The worker ant bites you but does no damage.
Your scale mail prevents you from hitting the worker ant.
The worker ant is severely wounded.
* * * LOW HITPOINT WARNING * * *
You feel sick. You block the worker ant's attack.
You hit the worker ant.
The worker ant is almost dead.
* * * LOW HITPOINT WARNING * * *
You feel sick. The worker ant bites you.
You die...

#.# #### ##.## #... #....
#.... #.... ##.... #....
......##############....
........................
........###########.....
##.....@.)..(.....#.....
#.....a........#.#.....
##.............#.#.#+#.
#####.........#.#.#.#.
#.........#.#.#.#.
..................
#############.#####.#.#.#.
#...................#.#.#.
#....########.##...##.#.#.


You could see a worker ant.

Vanquished Creatures
  A phantom (D:4)
  2 scorpions (D:3)
  An orc priest (D:4)
  2 worker ants (D:4)
  4 gnolls (D:4)
  6 adders
  7 worms
  3 dart slugs
  7 leopard geckos
  6 orcs
  2 ball pythons
  4 giant cockroaches
  4 goblins
  8 hobgoblins
  3 jackals (D:3)
  7 kobolds
  4 quokkas (D:3)
  10 bats
  2 frilled lizards
  12 rats
95 creatures vanquished.

Notes
Turn   | Place    | Note
-------+----------+-------------------------------------------
     0 | D:1      | stupendous the Formicid Fighter began the quest for the
                  | Orb.
     0 | D:1      | Reached XP level 1. HP: 18/18 MP: 1/1
   288 | D:1      | Reached XP level 2. HP: 24/24 MP: 2/2
   855 | D:1      | Reached skill level 4 in Shields
   855 | D:1      | Reached XP level 3. HP: 29/29 MP: 3/3
  1092 | D:2      | HP: 1/30 [poisoned by an adder]
  1875 | D:2      | Reached XP level 4. HP: 37/37 MP: 4/4
  2498 | D:3      | Reached XP level 5. HP: 17/42 MP: 5/5
  2775 | D:3      | Reached skill level 5 in Shields
  3333 | D:3      | Reached XP level 6. HP: 43/48 MP: 6/6
  3808 | D:3      | Found a radiant altar of Vehumet.
  3809 | D:3      | Found a stormy altar of Qazlal.
  3813 | D:3      | Found a snail-covered altar of Cheibriados.
  4128 | D:4      | Noticed a phantom
  4442 | D:4      | Killed a phantom
  4442 | D:4      | Reached skill level 5 in Long Blades
  4442 | D:4      | Reached skill level 6 in Shields
  4442 | D:4      | Reached XP level 7. HP: 28/54 MP: 7/7
  5113 | D:4      | HP: 2/54 [poisoned by a worker ant]
  5113 | D:4      | Slain by a worker ant

Levels and vault maps discovered:
D:1:      evilmike_arrival_run_for_it, layout_loops_cross,
          chequers_serial_rivers_room_a
D:2:      layout_basic, first_ration, kennysheep_big_empty_room
D:3:      minmay_razor_zed, layout_basic, minitemple, kennysheep_generic_room_11
D:4:      layout_basic

Skill      XL: |  1  2  3  4  5  6 |
---------------+-------------------+-----
Shields        | 4 5 6 |  6.1
Armour         | 4 |  4.0
Fighting       | 4 |  4.0
Long Blades    | 3 4 5 |  5.4

Action                   |  1- 3 |  4- 6 |  7- 9 || total
-------------------------+-------+-------+-------++-------
Melee: Long sword        |   123 |   288 |    51 ||   462
  Use: Scroll            |       |     4 |       ||     4
  Eat: Chunk             |     3 |     8 |     2 ||    13
Armor: Scale mail        |    51 |   120 |     8 ||   179
Dodge: Dodged            |    40 |   116 |    14 ||   170
Block: Shield            |    70 |   145 |    19 ||   234
       Rpst.: Long sword |    14 |    30 |     4 ||    48

Table legend:
 A = Non-vault XP
 B = Vault XP
 C = Vault XP percentage of total XP
 D = Non-vault monster count
 E = Vault monster count
 F = Vault count percentage of total count
                 A         B        C        D         E       F
            +---------+---------+-------+---------+---------+-------
      Total |     625 |      63 |   9.2 |      77 |      18 |  18.9
            +---------+---------+-------+---------+---------+-------
        D:1 |      26 |       5 |  16.1 |      14 |       1 |   6.7
        D:2 |      75 |       0 |   0.0 |      26 |       0 |   0.0
        D:3 |     211 |      58 |  21.6 |      24 |      17 |  41.5
        D:4 |     313 |       0 |   0.0 |      13 |       0 |   0.0
            +---------+---------+-------+---------+---------+-------
